 Dungeon Sprint DCSS version 0.24.0 (webtiles) character file.

Game seed: 18270455959431555554, levelgen mode: deterministic

294 TheOrbIsALie the Grappler (level 6, 0/35 HPs)
             Began as a Gargoyle Transmuter on May 10, 2020.
             Was a Follower of Qazlal.
             Slain by a phantom (1 damage)
             ... in the Dungeon (Sprint IX: "|||||||||||||||||||||||||||||").
             The game lasted 00:00:50 (233 turns).

TheOrbIsALie the Grappler (Gargoyle Transmuter)      Turns: 233, Time: 00:00:50

Health: 0/35       AC:  7    Str: 16    XL:     6   Next: 33%
Magic:  12/13      EV: 14    Int: 14    God:    Qazlal [*.....]
Gold:   0          SH:  1    Dex: 15    Spells: 14/15 levels left

rFire    . . .     SeeInvis .     - Unarmed
rCold    . . .     Gourm    .   (no shield)
rNeg     + . .     Faith    .   b - +0 robe
rPois    ∞         Spirit   .   (no helmet)
rElec    +         Reflect  .   p - +0 cloak
rCorr    .         Harm     .   (no gloves)
MR       .....     NoTele   +   (no boots)
Stlth    +.........             (no amulet)
HPRegen  0.11/turn              n - +3 ring of dexterity
MPRegen  0.13/turn              o - +3 ring of strength

@: very slightly contaminated
A: negative energy resistance 1, electricity resistance, unbreathing,
petrification resistance, rot immunity, AC +4
a: Renounce Religion


You were in the Dungeon.
You worshipped Qazlal.
Qazlal was aware of your devotion.
You were not hungry.

You visited 1 branch

Inventory:

Missiles
 a - 37 arrows
Armour
 b - a +0 robe (worn)
 p - a +0 cloak (worn)
Jewellery
 n - a +3 ring of dexterity (left hand)
 o - a +3 ring of strength (right hand)
Wands
 m - a wand of iceblast (10)
Scrolls
 j - 2 scrolls of blinking
 k - 3 scrolls of remove curse
 l - 2 scrolls of amnesia
Potions
 e - 5 potions of curing
 f - 3 potions of heal wounds
 g - a potion of haste
 h - 4 potions of magic
 i - a potion of invisibility
Comestibles
 c - a chunk of flesh
 d - a ration


   Skills:
 + Level 2.0 Fighting
 + Level 4.2 Dodging
 + Level 10.0 Unarmed Combat
 + Level 5.2 Spellcasting
 + Level 3.8 Transmutations


You had 14 spell levels left.
You knew the following spells:

 Your Spells              Type           Power        Failure   Level  Hunger
a - Beastly Appendage     Tmut           ##....       3%          1    None

Your spell library contained the following spells:

 Spells                   Type           Power        Failure   Level  Hunger
 Sticks to Snakes         Tmut           ##......     5%          2    ##.....
 Spider Form              Tmut/Pois      #.........   24%         3    ###....
 Ice Form                 Ice/Tmut       #.......     61%         4    ####...
 Blade Hands              Tmut           ##........   67%         5    ######.


Dungeon Overview and Level Annotations

Branches:
Dungeon (1/1)

Altars:
Cheibriados
Dithmenos
Elyvilon
Fedhas
Gozag
Hepliaklqana
Kikubaaqudgha
Makhleb
Nemelex Xobeh
Okawaru
Qazlal
Ru
Sif Muna
Trog
Uskayaw
Vehumet
Wu Jian
Xom
Yredelemnul
Zin
The Shining One
Beogh
Jiyva
Lugonu


Innate Abilities, Weirdness & Mutations

You are resistant to torment.
Your stone body is resilient. (AC +4)
You are immune to poison.
You resist negative energy. (rN+)
You are resistant to electric shocks. (rElec)
You can survive without breathing.
You are immune to petrification.
You are immune to rotting.


Message History

The wight is almost destroyed.
The wight completely misses you. The phantom closely misses you.
You closely miss the wight.
The wight is almost destroyed.
The wight closely misses you.
You punch the wight!
You destroy the wight!
Qazlal accepts your kill.
You are now surrounded by a storm.
Your Fighting skill increases to level 2!
Your Unarmed Combat skill increases to level 10!
The phantom hits you.
* * * LOW HITPOINT WARNING * * *
You closely miss the adder. The adder barely misses you.
The phantom closely misses you.
You hit the adder but do no damage. The adder misses you.
The phantom barely misses you.
You hit the adder.
The adder is moderately wounded.
The adder bites you but does no damage. The phantom hits you.
You die... ▓▓▓▓▓▓▓▓▓▓▓▓▓▓▓▓▓▓▓▓▓▓▓ _____'..|).[[.WW@S....+ ▓▓▓▓▓▓▓▓▓▓▓▓▓▓▓▓▓▓▓▓▓▓▓

You could see 2 phantoms and an adder.

Vanquished Creatures
  A phantom (D)
  A centaur (D)
  A bullfrog (D)
  A wight (D)
  An adder (D)
  A shadow imp (D)
  A dart slug (D)
  2 leopard geckos (D)
  2 bats (D)
  A kobold (D)
  A rat (D)
13 creatures vanquished.

Notes
Turn   | Place    | Note
-------+----------+-------------------------------------------
     0 | D        | TheOrbIsALie the Gargoyle Transmuter began the quest for
                  | the Orb.
     0 | D        | Reached XP level 1. HP: 12/12 MP: 3/3
    16 | D        | Reached skill level 4 in Unarmed Combat
    80 | D        | Noticed a phantom
    80 | D        | Noticed a centaur
    86 | D        | Killed a centaur
    86 | D        | Reached skill level 6 in Unarmed Combat
    86 | D        | Reached XP level 2. HP: 15/16 MP: 2/6
    86 | D        | Reached XP level 3. HP: 19/20 MP: 2/8
    86 | D        | Reached XP level 4. HP: 23/25 MP: 2/9
    93 | D        | Reached skill level 7 in Unarmed Combat
    96 | D        | Killed a phantom
    96 | D        | Reached skill level 8 in Unarmed Combat
    96 | D        | Reached XP level 5. HP: 23/30 MP: 3/11
   152 | D        | Found a roughly hewn altar of Beogh.
   152 | D        | Found a snail-covered altar of Cheibriados.
   152 | D        | Found a shadowy altar of Dithmenos.
   152 | D        | Found a white marble altar of Elyvilon.
   152 | D        | Found a blossoming altar of Fedhas.
   152 | D        | Found an opulent altar of Gozag.
   153 | D        | Found a hazy altar of Hepliaklqana.
   154 | D        | Found a viscous altar of Jiyva.
   155 | D        | Found an ancient bone altar of Kikubaaqudgha.
   156 | D        | Found a corrupted altar of Lugonu.
   157 | D        | Found a burning altar of Makhleb.
   158 | D        | Found a sparkling altar of Nemelex Xobeh.
   159 | D        | Found an iron altar of Okawaru.
   160 | D        | Found a stormy altar of Qazlal.
   161 | D        | Found a sacrificial altar of Ru.
   162 | D        | Found a shimmering blue altar of Sif Muna.
   163 | D        | Found a bloodstained altar of Trog.
   164 | D        | Found a hide-covered altar of Uskayaw.
   165 | D        | Found a radiant altar of Vehumet.
   166 | D        | Found an ornate altar of the Wu Jian Council.
   167 | D        | Found a shimmering altar of Xom.
   168 | D        | Became a worshipper of Qazlal Stormbringer
   169 | D        | Found a basalt altar of Yredelemnul.
   170 | D        | Found a glowing silver altar of Zin.
   171 | D        | Found a glowing golden altar of the Shining One.
   212 | D        | Noticed a phantom
   212 | D        | Noticed a phantom
   221 | D        | Reached skill level 9 in Unarmed Combat
   221 | D        | Reached skill level 5 in Spellcasting
   221 | D        | Reached XP level 6. HP: 28/35 MP: 11/13
   230 | D        | Reached * piety under Qazlal
   230 | D        | Reached skill level 10 in Unarmed Combat
   230 | D        | HP: 1/35 [phantom (4)]
   233 | D        | Slain by a phantom

Levels and vault maps discovered:
D:        linesprint [early_d, line_temple, items_1, d_10, items_2, lair_1,
          lair_end, items_3, orc_1, orc_end, items_4, d_15, swamp_1, shoals_1,
          snake_1, spider_1, d_20, vaults_1, items_5, swamp_end, shoals_end,
          snake_end, spider_end, vaults_end, d_27, items_6, zot_1, zot_end,
          crypt_end, forest_end, elf_end, slime_end, tomb_end, abyss_end,
          pan_hell_end]
